 Dungeon Crawl Stone Soup version 0.27-a0-416-gca2cecf3c0 (webtiles) character file.

Game seed: 6442691027354889824

413 sahdkjhfkaj the Slasher (level 6, -16/48 HPs)
             Began as a Spriggan Berserker on Feb 24, 2021.
             Was a Follower of Trog.
             Demolished by a two-headed ogre
             ... wielding a +0 giant spiked club
              (32 damage)
             ... on level 8 of the Dungeon.
             The game lasted 00:01:37 (1466 turns).

sahdkjhfkaj the Slasher (Spriggan Berserker)        Turns: 1466, Time: 00:01:37

Health: -16/48     AC:  2    Str: 13    XL:     6   Next: 59%
Magic:  7/7        EV: 19    Int:  9    God:    Trog [*.....]
Gold:   47         SH:  0    Dex: 16    Spells: 5/5 levels left

rFire    . . .     SeeInvis +   a - +0 falchion
rCold    . . .     Faith    .   (shield restricted)
rNeg     . . .     Spirit   .   b - +0 animal skin
rPois    .         Reflect  .   (helmet restricted)
rElec    .         Harm     .   (no cloak)
rCorr    .         Rampage  .   (gloves unavailable)
Will     +....                  (boots unavailable)
Stlth    ..........             h - amulet of magic regeneration
HPRegen  0.16/turn              (no ring)
MPRegen  0.35/turn              (no ring)

@: berserking, very quick
A: very small, unfitting armour, see invisible, speed 3
a: Renounce Religion, Berserk


You were on level 8 of the Dungeon.
You worshipped Trog.
Trog was aware of your devotion.
You visited 1 branch of the dungeon, and saw 8 of its levels.

You collected 47 gold pieces.

Inventory:

Hand Weapons
 a - a +0 falchion (weapon)
Armour
 b - a +0 animal skin (worn)
Jewellery
 h - an amulet of magic regeneration (around neck)
Scrolls
 c - a scroll of amnesia {!r, unknown}
 d - 2 scrolls of teleportation {!r, unknown}
 e - a scroll of identify {!r, unknown}
Potions
 f - a potion of heal wounds {!q, unknown}
 g - 2 potions of ambrosia {!q, unknown}


   Skills:
 - Level 2.4 Fighting
 + Level 6.2 Long Blades
 - Level 4.0 Dodging


You had 5 spell levels left.
You didn't know any spells.
Your spell library was empty.

Dungeon Overview and Level Annotations

Branches:
Dungeon (8/15)
 Temple: D:4-7         Lair: D:8-11

Altars:
Ru


Innate Abilities, Weirdness & Mutations

You are very small and have problems with some larger weapons.
You are too small for most types of armour.
You have supernaturally acute eyesight. (SInv)
You cover ground extremely quickly.


Message History

HP restored.
Found a robe.
Unknown command.
Found a stone staircase leading up.
A white imp comes into view.
The white imp shouts!
You hear two shouts!
A white imp is nearby!
A white imp is nearby!
The white imp gestures at you. The puff of frost hits you!
You are too injured to fight recklessly!
You are too injured to fight recklessly!
A two-headed ogre comes into view.
It is wielding two +0 giant spiked clubs.
The two-headed ogre shouts in stereo!
You hit the white imp but do no damage. The white imp barely misses you.
You hit the white imp.
The white imp is moderately wounded.
The white imp hits you.
* * * LOW HITPOINT WARNING * * *
The white imp freezes you.
* * * LOW HITPOINT WARNING * * *
You barely miss the white imp.
The white imp is moderately wounded.
The white imp lashes its tail.
The white imp completely misses you.
Unknown command.
Unknown command.
A red film seems to cover your vision as you go berserk!
You feel yourself moving faster!
You feel mighty! The white imp gestures at you. The puff of frost hits you!
* * * LOW HITPOINT WARNING * * *
You slash the white imp!
You kill the white imp!
Trog accepts your kill.
Unknown command.
You barely miss the two-headed ogre.
The two-headed ogre hits you with a +0 giant spiked club!!
Ouch! That really hurt!
You die...

##### #...# #...#
##########...######
...................
####.........##### .#
#.........#######.#
.###..[...#.....@....#
.#........#......O...#
.#........#..........#
##........#.<..........#
..........#..........###
..........#............
..........#.........####
...............##.###
##..........


You could see a two-headed ogre.

Vanquished Creatures
  Sigmund (D:5)
  An ogre (D:8)
  A centaur (D:5)
  A bullfrog skeleton (D:6)
  A worker ant (D:8)
  An adder (D:4)
  A white imp (D:8)
  2 ufetubi
  A hobgoblin (D:3)
  2 jackals (D:5)
  A quokka (D:7)
  A kobold (D:3)
14 creatures vanquished.

Vanquished Creatures (others)
  A fungus (D:5)
  2 plants (D:5)
3 creatures vanquished.

Grand Total: 17 creatures vanquished

Notes
Turn   | Place    | Note
-------+----------+-------------------------------------------
     0 | D:1      | sahdkjhfkaj the Spriggan Berserker began the quest for the
                  | Orb.
     0 | D:1      | Reached XP level 1. HP: 11/11 MP: 2/2
   555 | D:4      | Reached skill level 3 in Long Blades
   555 | D:4      | Reached XP level 2. HP: 16/16 MP: 3/3
   603 | D:5      | Entered Level 5 of the Dungeon
   610 | D:5      | Noticed Sigmund
   620 | D:5      | Killed Sigmund
   621 | D:5      | Reached skill level 5 in Long Blades
   621 | D:5      | Reached XP level 3. HP: 19/19 MP: 4/4
   621 | D:5      | Reached XP level 4. HP: 23/23 MP: 5/5
   621 | D:5      | Reached XP level 5. HP: 27/27 MP: 6/6
   660 | D:5      | Noticed a centaur
   675 | D:5      | Killed a centaur
   728 | D:5      | Found a sacrificial altar of Ru.
  1001 | D:6      | Reached XP level 6. HP: 32/32 MP: 7/7
  1348 | D:8      | Reached skill level 6 in Long Blades
  1459 | D:8      | Noticed a two-headed ogre
  1466 | D:8      | Demolished by a two-headed ogre

Illustrated notes

Levels and vault maps discovered:
D:1:      saegor_arrival_simple_b, layout_basic, kennysheep_nondescript
D:2:      layout_rooms, trog_book
D:3:      layout_loops_ring, cheibrodos_sewer_entry_bend
D:4:      layout_loops_corners, zin_scriptorium, nicolae_elemental_shop,
          hex_medium
D:5:      layout_cave_pools, grunt_temple_overflow_forces_of_nature,
          temple_fountains, serial_shops, kennysheep_little_box,
          nicolae_ru_sacrificial_ziggurat, uniq_ijyb, uniq_blork_the_orc,
          uniq_sigmund
D:6:      layout_loops_corners, grunt_ministairs_4, st_stairs_12, minivault_26,
          uniq_eustachio
D:7:      layout_rooms, gammafunk_temple_overflow_forgotten,
          nicolae_dithmenos_the_darkroom, basic_altar,
          lemuel_mausoleum_altar_yredelemnul
D:8:      layout_basic, elyvilon_altar_1, ebering_ghost_reflecting_pool,
          uniq_psyche

Skill      XL: |  1  2  3  4  5  6 |
---------------+-------------------+-----
Long Blades    | 3 5 6 |  6.2
Fighting       | |  2.4
Dodging        | |  4.0

Action                   |  1- 3 |  4- 6 || total
-------------------------+-------+-------++-------
Melee: Falchion          |    22 |    39 ||    61
Invok: Berserk           |     4 |     5 ||     9
Armor: Animal skin       |     1 |     3 ||     4
Dodge: Dodged            |    15 |    31 ||    46
       Rpst.: Falchion   |     5 |     6 ||    11

Table legend: (Time is in decaauts)
 A = Elapsed time spent in this place.
 B = Non-inter-level travel time spent in this place.
 C = Inter-level travel time spent in this place.
 D = Time resting spent in this place.
 E = Time spent auto-exploring this place.
 F = Levels seen in this place.
 G = Mean time per level.
                   A        B        C        D        E       F      G
               +--------+--------+--------+--------+--------+-----+--------+
         Total |   1336 |   1336 |      0 |    583 |    607 |   8 |  167.0 |
       Dungeon |   1336 |   1336 |      0 |    583 |    607 |   8 |  167.0 |
               +--------+--------+--------+--------+--------+-----+--------+

Top non-repeatable levels by time:
     D:5: 345 daAuts
     D:3: 328 daAuts
     D:6: 307 daAuts
     D:8: 130 daAuts
     D:4: 88 daAuts
     D:1: 87 daAuts
     D:7: 42 daAuts
     D:2: 6 daAuts
